 Dungeon Crawl Stone Soup version 0.18.1-48-g4cf74bf (webtiles) character file.

57047 Galewin the Executioner (level 14, -9/154 HPs)
             Began as a Minotaur Berserker on Aug 6, 2016.
             Was a High Priest of Trog.
             Mangled by an orc warrior
             ... wielding a +0 halberd
              (11 damage)
             ... on level 2 of the Orcish Mines.
             The game lasted 00:53:40 (13961 turns).

Galewin the Executioner (Minotaur Berserker)       Turns: 13961, Time: 00:53:41

Health: -9/154     AC: 23    Str: 33    XL:     14   Next: 44%
Magic:  0/13       EV: 11    Int:  4    God:    Trog [*****.]
Gold:   2341       SH:  0    Dex:  9    Spells: 0 memorised, 13 levels left

rFire  . . .     SeeInvis .     l - +5 battleaxe (freeze)
rCold  . . .     Gourm    .     f - +0 plate armour
rNeg   . . .     Faith    .     (shield currently unavailable)
rPois  .         Spirit   +     (helmet restricted)
rElec  .         Dismiss  .     h - +0 cloak
rCorr  .         Reflect  .     u - +1 pair of gloves
SustAt .         Harm     .     o - +0 pair of boots
MR     ++++.                    Q - amulet of guardian spirit
Stlth  ..........               P - +2 ring of evasion
                                b - ring of protection from magic

@: berserking, about to teleport, regenerating, very quick, incredibly resistant
to hostile enchantments, extremely unstealthy
A: retaliatory headbutt, horns 2
a: Berserk, Trog's Hand, Brothers in Arms, Burn Spellbooks, Renounce Religion


You were on level 2 of the Orcish Mines.
You worshipped Trog.
Trog was extremely pleased with you.
You were hungry.

You visited 2 branches of the dungeon, and saw 17 of its levels.
You visited the Abyss 1 time.
You also visited: Bailey.

You collected 2341 gold pieces.

Inventory:

Hand Weapons
 l - a +5 battleaxe of freezing (weapon)
Armour
 f - a +0 plate armour (worn)
 h - a +0 cloak (worn)
 o - a +0 pair of boots (worn)
 u - a +1 pair of gloves (worn)
 F - a steam dragon hide
Jewellery
 b - a ring of protection from magic (left hand)
 B - an uncursed ring of protection from cold
 P - a +2 ring of evasion (right hand)
 Q - an amulet of guardian spirit (around neck)
 U - a +5 ring of intelligence
Wands
 v - a wand of lightning (2/15)
 A - a wand of paralysis (13/24)
 O - a wand of confusion (34/48)
Scrolls
 e - a scroll of magic mapping
 i - 6 scrolls of teleportation
 j - 4 scrolls of recharging
 k - 7 scrolls of remove curse
 m - 3 scrolls of fog
 r - a scroll of identify
 J - a scroll of holy word {unknown}
 L - a scroll of silence {unknown}
 R - a scroll of brand weapon {unknown}
Potions
 d - 3 potions of flight
 n - a potion of lignification {unknown}
 p - a potion of degeneration
 s - 4 potions of curing
 w - 3 potions of cancellation {unknown}
 z - 4 potions of magic {unknown}
 C - a potion of invisibility {unknown}
 D - a potion of brilliance {unknown}
 E - 2 potions of cure mutation {unknown}
 G - a potion of agility {unknown}
 I - 3 potions of resistance {unknown}
 M - a potion of experience {unknown}
 S - 2 potions of might {unknown}
Comestibles
 a - 6 beef jerkies
 c - 15 bread rations
 K - 23 fruits


   Skills:
 - Level 3.9 Fighting
 * Level 22.7 Axes
 + Level 16.2 Armour
 - Level 2.2 Dodging


You had 13 spell levels left.
You didn't know any spells.

Dungeon Overview and Level Annotations

Branches:
Dungeon (15/15)            Temple (0/1) D:5             Orc (2/2) D:11
    Elf (0/3) Orc:2        Vaults (0/5) D:13         Depths (0/5) D:15
   Lair: D:8-11

Altars:
Ashenzari
Dithmenos
Elyvilon
Fedhas
Kikubaaqudgha
Xom
Yredelemnul

Shops:
D:6 *   D:14 %   Orc:2 :

Annotations:
Orc:2 Sonja


Innate Abilities, Weirdness & Mutations

You reflexively headbutt those who attack you in melee.
You have a pair of horns on your head.


Message History

* * * LOW HITPOINT WARNING * * *
The orc wizard moves out of view.
The orc priest miscasts a cantrip.
The orc warrior barely misses you.
The orc knight roars a battlecry!
The orcs go into a battle-frenzy!
The orc knight hits you with a glaive!!
* * * LOW HITPOINT WARNING * * *
An orc, 6 orc wizards and an orc sorcerer come into view. 4 orcs and an orc priest come into view.
The orc shouts!
The orc priest shouts!
The orc shouts! x2
The orc high priest hits you but does no damage.
The orc warrior misses you.
The orc wizard gestures wildly while chanting.
The orc wizard flickers and vanishes!
Deactivating autopickup; reactivate with Ctrl-A.
The orc wizard mumbles some strange words.
The orc wizard blinks!
The orc warrior hits you from afar with a halberd!
You die... .... ..o. oo#

#.oo. ...#
#.oo#######...#
#o............
#...o.3......o
..#...oo)oo.oo.o
#......(o.o....o
##....oo@.o..o..
...
#....oo..oo....o
....
..#...o3....o...
.... .
#.o.o.4..oo.o.
....
#..o3......o..
.#..
#o..#######.o.#
### .o{o oo§#
.o. ..#


You could see 2 orc knights, 2 soul eaters, 3 orc high priests, a chaos spawn, 4
orc sorcerers, a red devil, 9 orc warriors, 14 orc priests, 7 orc wizards and 6
orcs.

Vanquished Creatures
  Rupert (D:13)
  2 orc warlords
  A blizzard demon (Abyss:1)
  The ghost of dearth the Fighter, a journeyman HOFi of Okawaru (D:13)
  Josephine (D:15)
  Harold (Orc:1)
  A hydra (D:12)
  An ogre mage (D:15)
  5 centaur warriors
  A tengu warrior (D:10)
  A skeletal warrior (D:13)
  A wretched star (Abyss:1)
  3 unseen horrors
  5 hill giants
  A wolf spider zombie (D:15)
  4 orc knights
  A wizard (D:15)
  An orc sorcerer (D:15)
  6 ugly things
  2 deep elf magi
  2 cyclopes
  2 manticores
  Maurice (D:10)
  A naga mage (D:15)
  A smoke demon (Abyss:1)
  3 gargoyles
  An efreet (D:14)
  An ancient zyme (Abyss:1)
  A queen bee (shapeshifter) (D:15)
  4 trolls
  Grinder (D:5)
  6 two-headed ogres
  5 wraiths
  A shadow (D:15)
  Sigmund (D:3)
  A ynoxinul (Abyss:1)
  2 vampires
  16 humans (D:13)
  A basilisk (D:15)
  A steam dragon (D:10)
  A hungry ghost (D:10)
  3 hippogriffs
  8 vampire mosquitoes
  3 wargs
  Menkaure (D:7)
  The ghost of Krapule the Insei, an amateur OpTm of Cheibriados (D:7)
  3 soldier ants
  32 orc warriors
  3 ice beasts
  A sky beast (shapeshifter) (D:11)
  A black bear (D:12)
  2 phantoms
  4 necrophages
  6 sky beasts
  A wasp (D:12)
  17 ogres
  5 boggarts (D:15)
  5 centaurs
  4 big kobolds
  Blork the orc (D:5)
  14 giant frogs
  2 wyvern zombies
  A wyvern skeleton (D:15)
  8 killer bees
  12 wights
  5 howler monkeys
  2 giant frog zombies (D:6)
  15 crimson imps
  A quasit (D:11)
  7 centaur zombies
  A starcursed mass (Abyss:1)
  10 hounds
  7 jellies
  6 orc priests
  A gnoll shaman (D:4)
  20 orc wizards
  A giant frog skeleton (D:12)
  5 centaur skeletons
  3 iguanas
  5 worker ants
  4 hound skeletons
  8 adders
  13 gnolls
  A shadow imp (D:10)
  A white imp (D:9)
  3 oozes
  An adder zombie (D:5)
  An adder skeleton (D:9)
  4 worms
  3 giant geckos (D:2)
  86 orcs
  A ball python (D:2)
  12 bats
  5 giant cockroaches
  36 goblins
  23 hobgoblins
  13 jackals
  4 quokkas
  2 giant gecko skeletons
  2 giant gecko zombies (D:6)
  8 giant newts
  A jackal zombie (D:9)
  24 kobolds
  A quokka skeleton (D:5)
  9 rats
  A bush (D:6)
  A plant (D:6)
  A starspawn tentacle (Abyss:1)
589 creatures vanquished.

Vanquished Creatures (collateral kills)
  2 tentacled starspawn (Abyss:1)
  A hydra (D:13)
  A rakshasa (D:11)
  A centaur warrior (D:11)
  A thrashing horror (Abyss:1)
  A wretched star (Abyss:1)
  A skeletal warrior (D:11)
  3 large abominations (Abyss:1)
  An unseen horror (D:11)
  An orc knight (Bailey)
  A necromancer (Abyss:1)
  3 ugly things (D:15)
  A kobold demonologist (Abyss:1)
  A tormentor (Abyss:1)
  A tengu conjurer (D:15)
  4 starcursed masses (Abyss:1)
  2 ynoxinuls (Abyss:1)
  3 wraiths (D:15)
  A hippogriff (D:11)
  A mottled dragon (D:11)
  A hell hound (Abyss:1)
  A sky beast (Abyss:1)
  2 orc warriors
  A worker ant zombie (D:11)
  2 orcs (D:15)
38 creatures vanquished.

Vanquished Creatures (others)
  2 orc wizards (D:11)
  3 bushes (D:6)
  3 plants (D:6)
  5 starspawn tentacles (Abyss:1)
  50 starspawn tentacle segments (Abyss:1)
63 creatures vanquished.

Grand Total: 690 creatures vanquished

Notes
Turn   | Place    | Note
--------------------------------------------------------------
     0 | D:1      | Galewin the Minotaur Berserker began the quest for the Orb.
     0 | D:1      | Reached XP level 1. HP: 19/19 MP: 0/0
   139 | D:1      | Reached XP level 2. HP: 18/27 MP: 1/1
   159 | D:1      | Reached skill level 4 in Axes
   255 | D:1      | Reached ** piety under Trog
   658 | D:2      | Reached XP level 3. HP: 31/33 MP: 2/2
   774 | D:2      | Reached skill level 5 in Axes
   859 | D:2      | Reached XP level 4. HP: 15/40 MP: 3/3
  1132 | D:2      | Reached *** piety under Trog
  1489 | D:3      | Reached skill level 6 in Axes
  1603 | D:3      | Noticed Sigmund
  1611 | D:3      | Killed Sigmund
  1611 | D:3      | Reached skill level 7 in Axes
  1611 | D:3      | Reached XP level 5. HP: 9/46 MP: 4/4
  1802 | D:3      | Reached XP level 6. HP: 43/52 MP: 5/5
  1931 | D:3      | Reached skill level 8 in Axes
  2125 | D:4      | Found a shimmering altar of Xom.
  2354 | D:4      | Reached **** piety under Trog
  2354 | D:4      | Reached skill level 9 in Axes
  2569 | D:4      | Reached XP level 7. HP: 53/58 MP: 6/6
  2736 | D:4      | Reached skill level 10 in Axes
  2770 | D:5      | Entered Level 5 of the Dungeon
  2773 | D:5      | Noticed Blork the orc
  2793 | D:5      | Killed Blork the orc
  3195 | D:5      | Reached XP level 8. HP: 66/66 MP: 7/7
  3212 | D:5      | Reached skill level 5 in Armour
  3254 | D:5      | Reached skill level 11 in Axes
  3349 | D:5      | Found a shadowy altar of Dithmenos.
  3540 | D:5      | Noticed Grinder
  3542 | D:5      | Found a staircase to the Ecumenical Temple.
  3547 | D:5      | Killed Grinder
  3547 | D:5      | Reached skill level 12 in Axes
  3663 | D:6      | Found Miteg's General Store.
  3727 | D:6      | Found a blossoming altar of Fedhas.
  3823 | D:6      | Reached XP level 9. HP: 71/71 MP: 8/8
  3950 | D:6      | Reached skill level 13 in Axes
  4105 | D:6      | Reached ***** piety under Trog
  4394 | D:6      | You fall through a shaft for 2 floors!
  4438 | D:7      | You fall through a shaft!
  4485 | D:7      | Noticed Krapule's ghost (amateur OpTm)
  4708 | D:7      | Reached skill level 14 in Axes
  5031 | D:7      | Killed Krapule's ghost
  5152 | D:7      | Found an ancient bone altar of Kikubaaqudgha.
  5321 | D:7      | Noticed Menkaure
  5328 | D:7      | Killed Menkaure
  5393 | D:7      | Found a white marble altar of Elyvilon.
  5396 | D:7      | Found a shattered altar of Ashenzari.
  5399 | D:7      | Found a basalt altar of Yredelemnul.
  5558 | D:8      | Reached XP level 10. HP: 77/77 MP: 9/9
  6122 | D:9      | Reached skill level 15 in Axes
  6487 | D:10     | Entered Level 10 of the Dungeon
  6488 | D:10     | Noticed a hill giant
  6498 | D:10     | Killed a hill giant
  6567 | D:10     | Noticed a hill giant
  6573 | D:10     | Killed a hill giant
  6573 | D:10     | Reached skill level 10 in Armour
  6705 | D:10     | Noticed a tengu warrior
  6716 | D:10     | Killed a tengu warrior
  6716 | D:10     | Reached skill level 16 in Axes
  6804 | D:10     | Noticed Maurice
  6817 | D:10     | Killed Maurice
  6921 | D:10     | Reached XP level 11. HP: 73/82 MP: 10/10
  7212 | D:11     | Found a flickering gateway to a bazaar.
  7299 | D:11     | Received a gift from Trog
  7341 | D:11     | Found a staircase to the Orcish Mines.
  7423 | D:11     | Reached ****** piety under Trog
  7429 | D:11     | Found a flagged portal.
  7439 | Bailey   | Entered a bailey
  7550 | Bailey   | Noticed an orc knight
  7563 | Bailey   | Killed an orc knight
  7776 | Bailey   | Received a gift from Trog
  7830 | Bailey   | Noticed an orc warlord
  7848 | Bailey   | Killed an orc warlord
  7848 | Bailey   | Reached skill level 17 in Axes
  8735 | D:11     | Noticed a rakshasa
  8739 | D:11     | Killed an unseen horror
  8742 | D:11     | Killed a rakshasa
  8743 | D:11     | Noticed a skeletal warrior
  8745 | D:11     | Killed a skeletal warrior
  8747 | D:11     | Reached skill level 18 in Axes
  8749 | D:11     | Noticed a centaur warrior
  8752 | D:11     | Killed a centaur warrior
  8976 | D:11     | Noticed a white ugly thing
  8981 | D:11     | Killed a white ugly thing
  9215 | D:12     | Noticed a brown ugly thing
  9226 | D:12     | Killed a brown ugly thing
  9226 | D:12     | Received a gift from Trog
  9324 | D:12     | Reached XP level 12. HP: 83/90 MP: 1/11
  9555 | D:12     | Noticed a four-headed hydra
  9563 | D:12     | Killed a five-headed hydra
  9864 | D:13     | Noticed Rupert
  9878 | D:13     | Killed Rupert
  9878 | D:13     | Reached skill level 19 in Axes
  9888 | D:13     | Noticed dearth's ghost (journeyman HOFi)
 10057 | D:13     | Found an ancient bone altar of Kikubaaqudgha.
 10129 | D:13     | Noticed a centaur warrior
 10137 | D:13     | Killed a centaur warrior
 10186 | D:13     | Found a gate to the Vaults.
 10251 | D:13     | Killed dearth's ghost
 10251 | D:13     | Reached skill level 20 in Axes
 10299 | D:13     | Noticed a centaur warrior
 10303 | D:13     | Killed a centaur warrior
 10325 | D:13     | Received a gift from Trog
 10339 | D:13     | Reached XP level 13. HP: 95/95 MP: 10/12
 10978 | D:14     | Found Musibiom's Food Emporium.
 11129 | D:14     | Reached skill level 21 in Axes
 11750 | D:15     | Entered Level 15 of the Dungeon
 11808 | D:15     | Noticed Josephine
 11828 | D:15     | Killed Josephine
 11843 | D:15     | Reached skill level 15 in Armour
 11998 | D:15     | Received a gift from Trog
 12553 | D:15     | Found a staircase to the Depths.
 12713 | Orc:1    | Entered Level 1 of the Orcish Mines
 12723 | Orc:1    | Reached XP level 14. HP: 102/102 MP: 10/13
 12728 | Orc:1    | Reached skill level 22 in Axes
 13023 | Orc:2    | Entered Level 2 of the Orcish Mines
 13023 | Orc:2    | Found Waticw Pyach's Book Boutique.
 13029 | Orc:2    | Received a gift from Trog
 13047 | Orc:1    | Noticed Harold
 13062 | Orc:1    | Killed Harold
 13455 | Orc:2    | Found a staircase to the Elven Halls.
 13461 | Orc:2    | Noticed Sonja
 13695 | Orc:2    | Cast into level 1 of the Abyss (Sonja)
 13695 | Abyss:1  | Found a corrupted altar of Lugonu.
 13759 | Abyss:1  | Noticed a tentacled starspawn
 13779 | Abyss:1  | Killed a tentacled starspawn
 13879 | Abyss:1  | Noticed a starcursed mass
 13916 | Abyss:1  | Noticed a tentacled starspawn
 13917 | Abyss:1  | Paralysed by accursed screaming for 1 turns
 13926 | Abyss:1  | Killed a tentacled starspawn
 13949 | Orc:2    | Escaped the Abyss
 13958 | Orc:2    | Noticed an orc warlord
 13960 | Orc:2    | Killed an orc warlord
 13960 | Orc:2    | HP: 1/154 [orc knight/glaive (18)]
 13961 | Orc:2    | Mangled by an orc warrior

Skill      XL: |  1  2  3  4  5  6  7  8  9 10 11 12 13 14 |
---------------+-------------------------------------------+-----
Axes           | 4 5 7 9 10 12 14 16 18 20 21 22 | 22.7
Armour         | 4 6 8 10 12 14 15 16 | 16.2
Fighting       | |  3.9
Dodging        | |  2.2

Action                   |  1- 3 |  4- 6 |  7- 9 | 10-12 | 13-15 || total
-------------------------+-------+-------+-------+-------+-------++-------
Melee: Hand axe          |    82 |   108 |       |       |       ||   190
       Headbutt          |    12 |    19 |    37 |    89 |    81 ||   238
       War axe           |       |    13 |    26 |       |       ||    39
       Battleaxe         |       |       |   213 |   560 |   357 ||  1130
Invok: Berserk           |     1 |     4 |    11 |    15 |    13 ||    44
       Burn Spellbooks   |     1 |       |       |     2 |     3 ||     6
       Trog's Hand       |       |     1 |       |       |     5 ||     6
       Brothers in Arms  |       |       |       |     3 |     7 ||    10
  Use: Scroll            |     1 |     7 |    10 |     6 |    12 ||    36
       Potion            |       |       |       |       |     6 ||     6
 Stab: Sleeping          |       |     1 |       |       |     3 ||     4
       Distracted        |       |       |       |       |     1 ||     1
  Eat: Chunk             |     1 |     7 |     6 |    19 |     8 ||    41
       Meat ration       |       |     2 |     1 |     1 |     2 ||     6
       Pizza             |       |     1 |     1 |       |     1 ||     3
       Fruit             |       |       |       |     2 |     8 ||    10
       Bread ration      |       |       |       |     2 |       ||     2
Armor: Animal skin       |    17 |    14 |       |       |       ||    31
       Plate armour      |       |     1 |   149 |   276 |   231 ||   657
Dodge: Dodged            |    42 |    51 |    95 |   168 |   172 ||   528
